 Dungeon Sprint DCSS version 0.31-a0-1522-g43313d8a59 (webtiles) character file.

Game seed: 12759080344064839526

39306 TheScarfBastard the Phalangite (level 13, -5/148 HPs)
             Began as a Minotaur Berserker on Dec 31, 2023.
             Was the Champion of Trog.
             Killed from afar by a thorn hunter (24 damage)
             ... with a volley of thorns
             ... in the Dungeon (Sprint IX: "|||||||||||||||||||||||||||||").
             The game lasted 00:21:33 (2582 turns).

TheScarfBastard the Phalangite (Minotaur Berserker) Turns: 2582, Time: 00:21:34

Health: -5/148     AC: 21    Str: 30    XL:     13   Next: 68%
Magic:  4/4        EV: 14    Int:  4    God:    Trog [******]
Gold:   702        SH: 13    Dex: 10    Spells: 12/12 levels left

rFire   x . .        K - +12 demon trident of Discord {antimagic, Str+3}
rCold   + + .        b - +1 tower shield
rNeg    . . .        N - +0 ice dragon scales
rPois   .            (helmet restricted)
rElec   +            m - +0 cloak
rCorr   .            (no gloves)
SInv    .            x - +0 pair of boots
Will    ++...        D - amulet of regeneration Stlth
                     p - +2 ring of evasion
HPRegen 2.24/turn    o - +2 ring of protection
MPRegen 0.09/turn

%: no teleportation
@: strong-willed, regenerating, invisible
A: horns 2, retaliatory headbutt, electricity resistance
a: Renounce Religion, Berserk, Trog's Hand, Brothers in Arms


You were in the Dungeon.
You worshipped Trog.
Trog was exalted by your worship.
You visited 1 branch You collected 1963 gold pieces.
You spent 1261 gold pieces at shops.

Inventory:

Hand Weapons
 k - a +4 halberd of protection
 s - a +4 bardiche of flaming
 v - the +8 glaive of Traps {flame, rF+}
   (Trog gifted it to you in the Dungeon)

   rF+:       It protects you from fire.
 y - a +4 executioner's axe of flaming
 z - the +8 frozen axe "Frostbite" {freeze, freezing cloud, *Noise Fly rC+}
   (Trog gifted it to you in the Dungeon)

   rC+:       It protects you from cold.
   Fly:       It grants you flight.
   *Noise:    It may make a loud noise when swung.
 I - the +10 zealot's sword {holy, Zealotry, *Rage rN+ EV+3}
   (You found it in the Dungeon)

   Zealotry:  Whenever the wielder enters a berserk rage, their allies are
   berserked alongside them.
   EV+3:      It affects your evasion (+3).
   rN+:       It protects you from negative energy.
   *Rage:     It berserks you when you make melee attacks (+20% chance).
 K - the +12 demon trident of Discord (weapon) {antimagic, Str+3}
   (Trog gifted it to you in the Dungeon)

   Str+3:     It affects your strength (+3).
Armour
 b - a +1 tower shield (worn)
 m - a +0 cloak (worn)
 n - a +0 plate armour
 x - a +0 pair of boots (worn)
 B - an orb of wrath
 C - the +0 chain mail of the Tangerine {Dex+3}
   (You bought it in a shop in the Dungeon)

   Dex+3:     It affects your dexterity (+3).
 J - a +3 scale mail
 M - +0 fire dragon scales
 N - +0 ice dragon scales (worn)
Jewellery
 o - a +2 ring of protection (right hand)
 p - a +2 ring of evasion (left hand)
 D - an amulet of regeneration (around neck)
 F - a ring of ice
 G - a ring of poison resistance
 H - a ring of fire
Talismans
 a - the serpent talisman of Reason {Str+5}
   (You took it off Aizul in the Dungeon)

   [serpent talisman]

   Str+5:     It affects your strength (+5).
Wands
 j - a wand of light (10)
 w - a wand of paralysis (19)
 E - a wand of polymorph (7)
Scrolls
 h - 2 scrolls of blinking
 t - 4 scrolls of identify
 u - 3 scrolls of fog
 A - a scroll of brand weapon
 L - a scroll of fear
Potions
 f - 4 potions of magic
 g - a potion of berserk rage
 q - a potion of mutation
 r - a potion of brilliance


   Skills:
 + Level 23.1 Fighting
 + Level 20.2(24.9) Axes
 + Level 24.4(27) Polearms
 + Level 17.7 Armour
 + Level 10.8 Dodging
 + Level 2.7 Stealth
 + Level 3.7 Shields


You had 12 spell levels left.
You didn't know any spells.
Your spell library was empty.

Dungeon Overview and Level Annotations

Branches:
Dungeon (1/1)

Altars:
Cheibriados
Dithmenos
Elyvilon
Fedhas
Gozag
Hepliaklqana
Kikubaaqudgha
Makhleb
Nemelex Xobeh
Okawaru
Qazlal
Ru
Sif Muna
Trog
Uskayaw
Vehumet
Wu Jian
Xom
Yredelemnul
Zin
The Shining One
Jiyva
Lugonu

Shops:
D ?*:(


Innate Abilities, Weirdness & Mutations

You have a pair of horns on your head.
You reflexively headbutt those who attack you in melee.
You are resistant to electric shocks. (rElec)


Message History

The thorn hunter hits you!
* * * LOW HITPOINT WARNING * * *
The thorn hunter closely misses you.
A tyrant leech comes into view.
Okay, then.
You are too confused!
You bump into the unnaturally hard rock wall.
You are engulfed in noxious fumes.
You choke on the stench!
You are more confused.
The tyrant leech no longer looks unusually strong.
The thorn hunter hits you.
* * * LOW HITPOINT WARNING * * *
The thorn hunter hits you but does no damage.
You fade into invisibility!
The swamp drake no longer looks unusually strong.
The thorn hunter hits you but does no damage.
The thorn hunter closely misses you.
The tyrant leech is engulfed in noxious fumes.
You bump into the unnaturally hard rock wall.
You feel less confused.
The thorn hunter hits you but does no damage.
You block the thorn hunter's attack.
The thorn hunter fires a volley of thorns at you.
The volley of thorns hits you!
* * * LOW HITPOINT WARNING * * *
The swamp drake breathes poison at the swamp dragon.
The noxious blast engulfs the swamp dragon but does no damage.
The tyrant leech is engulfed in noxious fumes.
The tyrant leech appears confused.
The swamp dragon roars deafeningly!
You see here a +3 antimagic hand axe.
The thorn hunter attacks as it pursues you!
The thorn hunter barely misses you.
The thorn hunter hits you but does no damage.
The tyrant leech is engulfed in noxious fumes.
The tyrant leech appears confused.
Items here: ) [ ††.
The thorn hunter fires a volley of thorns at you.
The volley of thorns hits you!!
You die...

_▓.▓.▓.▓)▓.▓[▓.▓.▓
_▓.▓.▓.▓)▓.▓[▓.▓.▓
_▓.▓†▓.▓)▓.▓[▓.▓†▓
_▓.▓.▓.▓)▓.▓[▓.▓.▓
_▓.▓†▓.▓)▓.▓[▓)▓.▓
_▓.▓.▓.▓)▓)▓.▓.▓.▓
_▓.▓.▓.▓)▓.▓.▓)▓.▓
_▓.▓.▓.▓)▓.▓.▓.▓)▓
_▓.▓.▓.▓.▓.▓.▓.▓@▓
_▓.▓.▓.▓.▓.▓.▓.▓°▓
_▓.▓.▓.▓.▓.▓.▓.▓f▓
_▓.▓.▓.▓.▓.▓.▓.▓°▓
_▓.▓.▓.▓.▓.▓.▓.▓°▓
_▓.▓.▓.▓)▓.▓.▓.▓D▓
'▓.▓'▓.▓)▓.▓)▓.▓D▓
.▓.▓†▓.▓)▓.▓)▓.▓k▓
?▓.▓)▓.▓.▓.▓)▓.▓°▓


You could see a thorn hunter, a seven-headed hydra (unable to see you), a swamp
dragon (unable to see you) and a swamp drake (unable to see you, catching
breath).

Vanquished Creatures
  Kirke (D)
  A nagaraja (D)
  Aizul (D)
  A very ugly thing (D)
  A bunyip (D)
  A merfolk impaler (D)
  A fire dragon (D)
  A hydra (D)
  A salamander tyrant (D)
  An ice dragon (D)
  A merfolk avatar (D)
  2 centaur warriors (D)
  An anaconda (D)
  A satyr (D)
  A two-headed ogre (D)
  A death yak (D)
  A demonic crawler (D)
  8 orc high priests (D)
  A vampire mage (D)
  3 tengu warriors (D)
  Urug (D)
  2 pharaoh ants (D)
  A skyshark (D)
  2 sea snakes (D)
  3 steelbarb worms (D)
  A lindwurm (D)
  A deep elf pyromancer (D)
  9 orc knights (D)
  An orc sorcerer (D)
  An ugly thing (D)
  Maurice (D)
  An elephant (shapeshifter) (D)
  3 black mambas (D)
  A black mamba (shapeshifter) (D)
  A meliai (D)
  An elephant (D)
  A water nymph (D)
  2 guardian serpents (D)
  2 cane toads (D)
  4 komodo dragons (D)
  2 merfolk (D)
  A wind drake (D)
  A troll (D)
  A culicivora (D)
  A slime creature (D)
  A wyvern (D)
  3 yaks (D)
  A wraith (D)
  3 hogs (D)
  2 redbacks (D)
  2 basilisks (D)
  Grum (D)
  2 vampire mosquitoes (D)
  2 nagas (D)
  A water moccasin (D)
  9 orc warriors (D)
  2 wolves (D)
  2 bullfrogs (D)
  A gnoll sergeant (D)
  A howler monkey (D)
  4 orc priests (D)
  3 orc wizards (D)
  2 adders (D)
  2 ufetubi (D)
  7 ribbon worms (D)
  6 orcs (D)
  2 ball pythons (D)
  An endoplasm (D)
  A goblin (D)
  A hobgoblin (D)
137 creatures vanquished.

Vanquished Creatures (others)
  A vampire knight (D)
  A spriggan druid (D)
  An unseen horror (D)
  A bloated husk (D)
  A tyrant leech (D)
  2 humans (D)
7 creatures vanquished.

Grand Total: 144 creatures vanquished

Notes
Turn   | Place    | Note
-------+----------+-------------------------------------------
     0 | D        | TheScarfBastard the Minotaur Berserker began the quest for
                  | the Orb.
     0 | D        | Reached XP level 1. HP: 19/19 MP: 0/0
     8 | D        | Reached ** piety under Trog
    44 | D        | Reached skill level 5 in Fighting
    44 | D        | Reached skill level 5 in Axes
    44 | D        | Reached XP level 2. HP: 29/29 MP: 1/1
    51 | D        | Reached *** piety under Trog
    61 | D        | Reached XP level 3. HP: 4/37 MP: 2/2
   191 | D        | Found a snail-covered altar of Cheibriados.
   191 | D        | Found a shadowy altar of Dithmenos.
   191 | D        | Found a white marble altar of Elyvilon.
   191 | D        | Found a blossoming altar of Fedhas.
   191 | D        | Found an opulent altar of Gozag.
   192 | D        | Found a hazy altar of Hepliaklqana.
   193 | D        | Found a viscous altar of Jiyva.
   194 | D        | Found an ancient bone altar of Kikubaaqudgha.
   195 | D        | Found a corrupted altar of Lugonu.
   196 | D        | Found a burning altar of Makhleb.
   197 | D        | Found a sparkling altar of Nemelex Xobeh.
   198 | D        | Found an iron altar of Okawaru.
   199 | D        | Found a stormy altar of Qazlal.
   200 | D        | Found a sacrificial altar of Ru.
   201 | D        | Found a shimmering blue altar of Sif Muna.
   202 | D        | Found a bloodstained altar of Trog.
   203 | D        | Found a hide-covered altar of Uskayaw.
   204 | D        | Found a radiant altar of Vehumet.
   205 | D        | Found an ornate altar of the Wu Jian Council.
   206 | D        | Found a shimmering altar of Xom.
   207 | D        | Found a basalt altar of Yredelemnul.
   208 | D        | Found a glowing silver altar of Zin.
   209 | D        | Found a glowing golden altar of the Shining One.
   258 | D        | Noticed a troll
   258 | D        | Noticed a yak
   258 | D        | Noticed a wraith
   258 | D        | Noticed a gnoll sergeant
   258 | D        | Noticed a yak
   263 | D        | Killed a troll
   264 | D        | Reached skill level 3 in Polearms
   264 | D        | Reached XP level 4. HP: 50/50 MP: 3/3
   264 | D        | Reached XP level 5. HP: 57/57 MP: 4/4
   270 | D        | Killed a yak
   270 | D        | Reached **** piety under Trog
   271 | D        | Reached skill level 10 in Fighting
   271 | D        | Reached skill level 10 in Axes
   271 | D        | Reached skill level 4 in Polearms
   271 | D        | Reached skill level 5 in Armour
   271 | D        | Reached skill level 5 in Dodging
   271 | D        | Reached XP level 6. HP: 67/67 MP: 5/5
   283 | D        | Killed a wraith
   284 | D        | Reached skill level 5 in Polearms
   284 | D        | Reached skill level 1 in Stealth
   284 | D        | Reached XP level 7. HP: 65/74 MP: 6/6
   288 | D        | Killed a yak
   289 | D        | Reached skill level 6 in Polearms
   295 | D        | Reached ***** piety under Trog
   354 | D        | Noticed a centaur warrior
   354 | D        | Noticed a centaur warrior
   354 | D        | Noticed a meliai
   354 | D        | Noticed a slime creature
   354 | D        | Noticed a two-headed ogre
   357 | D        | Killed an unseen horror
   358 | D        | Reached skill level 7 in Polearms
   365 | D        | Killed a centaur warrior
   366 | D        | Reached skill level 9 in Polearms
   366 | D        | Reached XP level 8. HP: 76/86 MP: 7/7
   368 | D        | Killed a centaur warrior
   369 | D        | Reached skill level 10 in Polearms
   369 | D        | Reached XP level 9. HP: 85/93 MP: 8/8
   371 | D        | Killed a meliai
   372 | D        | Reached skill level 11 in Polearms
   379 | D        | Killed a two-headed ogre
   380 | D        | Reached skill level 12 in Polearms
   380 | D        | Reached skill level 10 in Armour
   500 | D        | Gained mutation: You are resistant to electric shocks.
                  | (rElec) [potion of mutation]
   502 | D        | Noticed a black mamba
   502 | D        | Noticed a cane toad
   502 | D        | Noticed a komodo dragon
   505 | D        | Noticed a komodo dragon
   506 | D        | Killed a black mamba
   507 | D        | Reached skill level 13 in Polearms
   513 | D        | Killed a cane toad
   513 | D        | Received a gift from Trog
   522 | D        | Noticed a komodo dragon
   525 | D        | Killed a komodo dragon
   526 | D        | Reached skill level 15 in Fighting
   526 | D        | Reached skill level 14 in Polearms
   526 | D        | Reached XP level 10. HP: 105/105 MP: 9/9
   536 | D        | Reached skill level 15 in Polearms
   569 | D        | Noticed a cane toad
   569 | D        | Noticed a death yak
   569 | D        | Noticed an elephant
   572 | D        | Noticed a skyshark
   575 | D        | Killed a cane toad
   575 | D        | Identified the +8 glaive of Traps {flame, rF+} (Trog gifted
                  | it to you in the Dungeon)
   575 | D        | Received a gift from Trog
   578 | D        | Killed a death yak
   579 | D        | Reached skill level 16 in Polearms
   582 | D        | Noticed a seven-headed hydra
   589 | D        | Killed an elephant
   590 | D        | Reached skill level 17 in Polearms
   591 | D        | Killed a skyshark
   597 | D        | Killed a five-headed hydra
   598 | D        | Reached skill level 18 in Polearms
   598 | D        | Reached XP level 11. HP: 102/116 MP: 10/10
   599 | D        | Reached ****** piety under Trog
   669 | D        | Noticed a lindwurm
   678 | D        | Received a gift from Trog
   681 | D        | Killed a lindwurm
   816 | D        | Noticed an orc high priest
   825 | D        | Received a gift from Trog
   829 | D        | Killed an orc high priest
   830 | D        | Reached skill level 19 in Polearms
   886 | D        | Noticed an orc high priest
   893 | D        | Noticed an orc knight
   894 | D        | Noticed an orc sorcerer
   898 | D        | Received a gift from Trog
   907 | D        | Killed an orc high priest
   913 | D        | Killed an orc knight
   914 | D        | Reached skill level 20 in Polearms
   914 | D        | Paralysed by an orc sorcerer for 3 turns
   919 | D        | Killed an orc sorcerer
   919 | D        | Received a gift from Trog
   973 | D        | Found Nysio's Magic Scroll Emporium.
   973 | D        | Noticed an orc knight
   973 | D        | Noticed an orc knight
   973 | D        | Noticed an orc knight
   973 | D        | Noticed an orc high priest
   973 | D        | Noticed an orc high priest
   974 | D        | Killed an orc knight
   975 | D        | Noticed an orc knight
   979 | D        | Killed an orc knight
   979 | D        | Noticed an orc knight
   981 | D        | Killed an orc knight
   982 | D        | Reached skill level 21 in Polearms
   982 | D        | Found Rocagg's Assorted Antiques.
   985 | D        | Killed an orc high priest
   985 | D        | Received a gift from Trog
   988 | D        | Killed an orc high priest
   990 | D        | Found Kum Omax's Book Emporium.
   992 | D        | Noticed an orc high priest
   993 | D        | Killed an orc knight
   994 | D        | Noticed an orc high priest
  1000 | D        | Killed an orc knight
  1001 | D        | Found Fyudoups's Weapon Shoppe.
  1001 | D        | Noticed an orc high priest
  1002 | D        | Noticed an orc high priest
  1005 | D        | Killed an orc high priest
  1006 | D        | Reached skill level 22 in Polearms
  1006 | D        | Noticed an orc knight
  1010 | D        | Killed an orc high priest
  1011 | D        | Reached XP level 12. HP: 97/130 MP: 0/11
  1012 | D        | Killed an orc high priest
  1017 | D        | Killed an orc high priest
  1018 | D        | Reached skill level 15 in Armour
  1026 | D        | Received a gift from Trog
  1026 | D        | Found the +8 frozen axe "Frostbite" {freeze, freezing
                  | cloud, *Noise Fly rC+}
  1061 | D        | Bought a scroll of brand weapon for 104 gold pieces
  1063 | D        | Bought a potion of curing for 78 gold pieces
  1063 | D        | Bought a scroll of identify for 52 gold pieces
  1063 | D        | Bought a glowing orb for 312 gold pieces
  1063 | D        | Bought a potion of haste for 260 gold pieces
  1063 | D        | Bought a pitted chain mail for 247 gold pieces
  1063 | D        | Identified the +0 chain mail of the Tangerine {Dex+3} (You
                  | bought it in a shop in the Dungeon)
  1063 | D        | Bought a potion of curing for 78 gold pieces
  1063 | D        | Bought a dented peridot amulet for 130 gold pieces
  1095 | D        | Noticed Urug
  1110 | D        | Killed Urug
  1111 | D        | Reached skill level 23 in Polearms
  1161 | D        | Noticed Grum
  1168 | D        | Killed Grum
  1184 | D        | Noticed Maurice
  1192 | D        | Something stole a +3 heavy war axe
  1193 | D        | Something stole 483 gold
  1197 | D        | Something stole an orb of wrath
  1205 | D        | Something stole 208 gold
  1216 | D        | Killed Maurice
  1267 | D        | Found the +10 zealot's sword {holy, Zealotry, *Rage rN+
                  | EV+3}
  1322 | D        | Noticed a tengu warrior
  1322 | D        | Noticed a tengu warrior
  1328 | D        | Killed a tengu warrior
  1330 | D        | Received a gift from Trog
  1339 | D        | Noticed a tengu warrior
  1346 | D        | Noticed a fire dragon
  1347 | D        | Killed a tengu warrior
  1348 | D        | Noticed a vampire knight
  1353 | D        | Noticed an ice dragon
  1355 | D        | Killed a tengu warrior
  1355 | D        | Identified the +12 demon trident of Discord {antimagic,
                  | Str+3} (Trog gifted it to you in the Dungeon)
  1355 | D        | Received a gift from Trog
  1356 | D        | Reached skill level 15 in Axes
  1356 | D        | Noticed a vampire mage
  1358 | D        | Killed a vampire knight
  1358 | D        | Noticed a white very ugly thing
  1360 | D        | a glowing orange brain changed into a satyr
  1360 | D        | Noticed a satyr (glowing shapeshifter)
  1361 | D        | Killed a fire dragon
  1361 | D        | a satyr changed into an elephant
  1377 | D        | Killed a white very ugly thing
  1379 | D        | Killed an ice dragon
  1385 | D        | Killed a vampire mage
  1385 | D        | Received a gift from Trog
  1471 | D        | Noticed Kirke
  1481 | D        | Killed Kirke
  1482 | D        | Reached XP level 13. HP: 143/143 MP: 4/12
  1496 | D        | Identified the serpent talisman of Reason {Str+5}
  1496 | D        | Noticed Aizul
  1512 | D        | Killed Aizul
  1512 | D        | Received a gift from Trog
  1678 | D        | Noticed a merfolk impaler
  1776 | D        | HP: 5/145 [satyr/arrow (13)]
  2016 | D        | Killed a merfolk impaler
  2064 | D        | Reached skill level 10 in Dodging
  2070 | D        | Received a gift from Trog
  2390 | D        | Reached skill level 1 in Shields
  2394 | D        | Received a gift from Trog
  2429 | D        | Noticed a nagaraja
  2433 | D        | Reached skill level 24 in Polearms
  2441 | D        | Received a gift from Trog
  2452 | D        | Killed a nagaraja
  2462 | D        | Received a gift from Trog
  2544 | D        | Noticed a bunyip
  2544 | D        | Noticed a thorn hunter
  2568 | D        | Killed a bunyip
  2582 | D        | Killed from afar by a thorn hunter

Illustrated notes

Levels and vault maps discovered:
D:        linesprint [early_d, line_temple, items_1, d_10, items_2, lair_1,
          lair_end, items_3, orc_1, orc_end, items_4, d_15, swamp_1, shoals_1,
          snake_1, spider_1, d_20, vaults_1, items_5, swamp_end, shoals_end,
          snake_end, spider_end, vaults_end, d_27, items_6, zot_1, zot_end,
          crypt_end, forest_end, elf_end, slime_end, tomb_end, abyss_end,
          pan_hell_end]

Skill      XL: |  1  2  3  4  5  6  7  8  9 10 11 12 13 |
---------------+----------------------------------------+-----
Fighting       | 5 9 10 11 13 15 16 19 21 23 | 23.1
Axes           | 5 6 9 10 11 12 13 17 20 | 20.2
Armour         | 3 4 5 6 8 9 11 12 14 16 17 | 17.7
Dodging        | 3 4 5 6 7 8 9 10 | 10.8
Polearms       | 3 4 5 9 10 14 18 22 23 24 | 24.4
Stealth        | 1 2 |  2.7
Shields        | 3 |  3.7

Action                     |  1- 3 |  4- 6 |  7- 9 | 10-12 | 13-15 || total
---------------------------+-------+-------+-------+-------+-------++-------
  Melee: Hand axe          |    27 |       |       |       |       ||    27
         Halberd           |     3 |    19 |    46 |    13 |       ||    81
         Headbutt          |     1 |     4 |    11 |    40 |    25 ||    81
         Bardiche          |       |       |       |    28 |       ||    28
         Glaive            |       |       |       |   103 |       ||   103
         Executioner's axe |       |       |       |    60 |       ||    60
         Demon trident     |       |       |       |    10 |   125 ||   135
         Punch             |       |       |       |       |     1 ||     1
 Invoke: Berserk           |     1 |       |     2 |     4 |     1 ||     8
         Trog's Hand       |     1 |       |     2 |     4 |     1 ||     8
         Brothers in Arms  |       |       |       |       |     1 ||     1
    Use: Potion            |       |       |     6 |     8 |     9 ||    23
         Scroll            |       |       |     2 |       |     1 ||     3
 Armour: Animal skin       |    22 |       |       |       |       ||    22
         Plate armour      |     4 |    23 |    56 |    97 |       ||   180
         Chain mail        |       |       |       |    46 |       ||    46
         Skin              |       |       |       |    44 |       ||    44
         Ice dragon scales |       |       |       |     3 |   108 ||   111
  Dodge: Dodged            |    31 |    14 |    25 |    86 |    57 ||   213
  Block: Tower shield      |       |       |       |       |    40 ||    40
         Form:             |       |       |       |       |     1 ||     1
         Serpent           |       |       |       |       |     1 ||     1

Table legend: (Time is in decaauts)
 A = Elapsed time spent in this place.
 B = Non-inter-level travel time spent in this place.
 C = Inter-level travel time spent in this place.
 D = Time resting spent in this place.
 E = Time spent auto-exploring this place.
 F = Levels seen in this place.
 G = Mean time per level.
                   A        B        C        D        E       F      G
               +--------+--------+--------+--------+--------+-----+--------+
         Total |   2560 |   2300 |    260 |      0 |    663 |   1 | 2560.0 |
       Dungeon |   2560 |   2300 |    260 |      0 |    663 |   1 | 2560.0 |
               +--------+--------+--------+--------+--------+-----+--------+

Top non-repeatable levels by time:
       D: 2560 daAuts
